 Dungeon Sprint DCSS version 0.17-a0-1939-ga475588 (webtiles) character file.

106 ololoev the Firebug (level 4, -12/24 HPs)
             Began as a Deep Elf Fire Elementalist on Sept 29, 2015.
             Killed from afar by a wizard (36 damage)
             ... with a crystal spear
             ... in the Dungeon (Sprint III: "The Ten Rune Challenge").
             The game lasted 00:02:35 (368 turns).

ololoev the Firebug (Deep Elf Fire Elementalist)     Turns: 368, Time: 00:02:35

Health: -12/24     AC:  3    Str:  8    XL:     4   Next: 55%
Magic:  12/14      EV: 13    Int: 21    God:
Gold:   24         SH:  0    Dex: 15    Spells: 3 memorised, 7 levels left

rFire  . . .     SeeInvis .     h - +2 quarterstaff (chaos)
rCold  . . .     Clarity  .     a - +0 robe
rNeg   . . .     SustAt   .     (no shield)
rPois  .         Gourm    .     (no helmet)
rElec  .         Spirit   .     l - +0 cloak (curse)
rCorr  .         Warding  .     (no gloves)
rMut   .         NoTele   +     (no boots)
MR     .....                    (no amulet)
Stlth  ++........               (no ring)
                                j - +3 ring of strength

@: not resistant to hostile enchantments, unstealthy
A: hooves 1, rugged brown scales 1, deformed body, wild magic 1
a: no special abilities


Innate Abilities, Weirdness & Mutations

You have large cloven feet.
You are partially covered in rugged brown scales (AC +1, +3% HP).
Armour fits poorly on your strangely shaped body.
Your spells are a little harder to cast, but a little more powerful.

Inventory:

Hand weapons
 h - a +2 quarterstaff of chaos (weapon)
Armour
 a - a +0 robe (worn)
 l - a cursed +0 cloak (worn)
Jewellery
 j - a +3 ring of strength (left hand)
Scrolls
 i - a scroll of blinking
 o - a scroll of identify
 p - 3 scrolls of remove curse
Potions
 d - a potion of curing
 e - a potion of heal wounds
 f - a potion of haste
 g - 2 potions of magic
 q - 3 potions of cure mutation
 r - 3 potions of flight
Books
 b - a book of Flames

   Spells                             Type                      Level
   a - Flame Tongue                   Conjuration/Fire             1
   b - Throw Flame                    Conjuration/Fire             2
   c - Conjure Flame                  Conjuration/Fire             3
   d - Inner Flame                    Hexes/Fire                   3
   e - Sticky Flame                   Conjuration/Fire             4
   f - Fireball                       Conjuration/Fire             5
Comestibles
 c - 2 bread rations
 k - 4 chunks of flesh
 s - 4 fruits


   Skills:
 - Level 2.4 Dodging
 - Level 2.4 Stealth
 + Level 6.0 Spellcasting
 * Level 6.2 Conjurations
 * Level 7.1 Fire Magic


You had 7 spell levels left.
You knew the following spells:

 Your Spells              Type           Power        Failure   Level  Hunger
a - Flame Tongue          Conj/Fire      #####        3%          1    None
b - Conjure Flame         Conj/Fire      ######..     5%          3    ##.....
c - Sticky Flame          Conj/Fire      ######..     16%         4    ####...
 You were in the Dungeon. You were not hungry. You visited 1 branch You collected 24 gold pieces. #...#### ##.# #......#####..# #.......#..#..# ##.##...#..#..###+#+###+ ##.###..##'#..#......... ###.##..###?..'.⌠....... #..##..####...#...##### ...##..###....#.⌠.# ..##...##.....#.@.# .##....#.÷....#§### ###..##.#.....#p: #              #..#####....#___ ▓           ▓▓▓▓ ▓▓▓▓▓▓▓▓▓▓

Notes
Turn   | Place    | Note
--------------------------------------------------------------
     0 | D        | ololoev the Deep Elf Fire Elementalist began the quest for the Orb.
     0 | D        | Reached XP level 1. HP: 10/10 MP: 6/6
   119 | D        | Reached skill level 4 in Spellcasting
   119 | D        | Reached skill level 5 in Fire Magic
   119 | D        | Reached XP level 2. HP: 10/15 MP: 1/9
   123 | D        | Killed a yaktaur
   160 | D        | Killed a white draconian scorcher
   227 | D        | Killed a white draconian scorcher
   265 | D        | Noticed Crazy Yiuf
   268 | D        | Killed Crazy Yiuf
   268 | D        | Reached skill level 5 in Spellcasting
   268 | D        | Reached XP level 3. HP: 19/19 MP: 6/11
   283 | D        | Learned a level 3 spell: Conjure Flame
   305 | D        | Gained mutation: Your spells are a little harder to cast, but a little more powerful. [potion of mutation]
   305 | D        | Gained mutation: You are partially covered in rugged brown scales (AC +1, +3% HP). [potion of mutation]
   305 | D        | Gained mutation: Your magical capacity is low (-10% MP). [potion of mutation]
   306 | D        | Gained mutation: Armour fits poorly on your strangely shaped body. [potion of mutation]
   306 | D        | Lost mutation: Your magical capacity is low (-10% MP). [potion of mutation]
   306 | D        | Gained mutation: You have large cloven feet. [potion of mutation]
   308 | D        | Noticed a water elemental
   312 | D        | Killed a water elemental
   312 | D        | Reached skill level 6 in Spellcasting
   312 | D        | Reached skill level 7 in Fire Magic
   312 | D        | Reached XP level 4. HP: 24/24 MP: 7/14
   318 | D        | Learned a level 4 spell: Sticky Flame
   360 | D        | Found a radiant altar of Vehumet.
   360 | D        | Found a deep blue altar of Sif Muna.
   360 | D        | Found an ancient bone altar of Kikubaaqudgha.
   360 | D        | Noticed a wizard
   368 | D        | Killed from afar by a wizard

Dungeon Overview and Level Annotations

Branches:
Dungeon (1/1)

Altars:
Kikubaaqudgha
Sif Muna
Vehumet


Message History

You hit the water elemental.
The water elemental seems to speed up.
The water elemental is severely damaged.
The water elemental is engulfed in roaring flames.
You destroy the water elemental!
Your Spellcasting skill increases to level 6!
Your Conjurations skill gained 2 levels and is now at level 6!
Your Fire Magic skill gained 2 levels and is now at level 7!
You have reached level 4!
You feel clever.
This spell is slightly dangerous to cast.
Memorise Sticky Flame, consuming 4 spell levels and leaving 7?
You start memorising the spell.
You continue memorising.
You continue memorising. x3
You finish memorising.
Spell assigned to 'c'.
You close the door.
There's nothing to close nearby.
As you open the door, it creaks loudly!
There is an open door to the Ecumenical Temple here.
There is a fountain of clear blue water here.
You start resting.
Magic restored.
You open the door.
A wizard comes into view. It is wielding a dagger.
Found a chunky leatherbound book.
Found three altars.
Casting: Flame Tongue
Confirm with . or Enter, or press ? or * to list all spells.
Aiming: Conjure Flame
Press: ? - help, Dir - move target cursor The fire roars!
You hear a shout! x2
Casting: Conjure Flame
Confirm with . or Enter, or press ? or * to list all spells.
Aiming: Conjure Flame
Press: ? - help, Dir - move target cursor, f - wizard
Aim: a wizard, wielding a dagger and wearing a robe
Okay, then.
The wizard casts a spell at you. The crystal spear hits you!
Ouch! That really hurt!
You die...

You could see a wizard.

Vanquished Creatures
  A water elemental (D)
  Crazy Yiuf (D)
  A human (D)
  4 rats (D)
7 creatures vanquished.

Vanquished Creatures (others)
  2 draconian scorchers (D)
  A yaktaur (D)
3 creatures vanquished.

Grand Total: 10 creatures vanquished

Action                   |  1- 3 |  4- 6 || total
-------------------------+-------+-------++-------
Melee: Unarmed           |     5 |       ||     5
       Quarterstaff      |     1 |       ||     1
 Cast: Flame Tongue      |    16 |       ||    16
       Conjure Flame     |     1 |     1 ||     2
  Use: Potion            |     3 |       ||     3
       Scroll            |     2 |       ||     2

Vault maps used:
D:        dungeon_sprint_mu
